 Dungeon Crawl Stone Soup version 0.26.1-2-gb8aa6d0cf2 (webtiles) character file.

Game seed: 7475356689414524007

544 Mattiprrivan the Skirmisher (level 7, -1/54 HPs)
             Began as a Formicid Abyssal Knight on Feb 13, 2021.
             Was a Priest of Lugonu.
             Slain by Cykl0x's ghost (13 damage)
             ... on level 4 of the Dungeon on Feb 14, 2021.
             The game lasted 00:39:01 (3348 turns).

Mattiprrivan the Skirmisher (FoAK)                  Turns: 3348, Time: 00:39:03

Health: -1/54      AC:  7    Str: 18    XL:     7   Next: 52%
Magic:  9/9        EV: 11    Int: 11    God:    Lugonu [***...]
Gold:   294        SH:  4    Dex: 11    Spells: 6/6 levels left

rFire    . . .     SeeInvis +   m - +2 flail (holy)
rCold    . . .     Faith    .   b - +0 buckler
rNeg     . . .     Spirit   .   e - +0 ring mail
rPois    +         Reflect  .   (helmet unavailable)
rElec    .         Harm     .   h - +0 cloak
rCorr    .         Rampage  .   d - +2 pair of gloves
Will     +....                  (no boots)
Stlth    +.........             g - amulet of regeneration
HPRegen  0.58/turn              f - ring of willpower
MPRegen  0.11/turn              k - ring of poison resistance

@: no status effects
A: permanent stasis, dig shafts and tunnels, four strong arms, antennae 3, claws
1, deformed body, sense surroundings 1
a: Dig, Shaft Self, Renounce Religion, Depart the Abyss, Bend Space, Banish


You were on level 4 of the Dungeon.
You worshipped Lugonu.
Lugonu was most pleased with you.
You visited 1 branch of the dungeon, and saw 4 of its levels.
You visited the Abyss 1 time.

You collected 294 gold pieces.

Inventory:

Hand Weapons
 a - a +2 hand axe
 m - a +2 flail of holy wrath (weapon)
Missiles
 c - 6 poisoned darts (quivered)
 n - 5 boomerangs
Armour
 b - a +0 buckler (worn)
 d - a +2 pair of gloves (worn)
 e - a +0 ring mail (worn)
 h - a +0 cloak (worn)
Jewellery
 f - a ring of willpower (left hand)
 g - an amulet of regeneration (around neck)
 k - a ring of poison resistance (right hand)
Scrolls
 i - 3 scrolls of remove curse
 j - a scroll of fear
 l - a scroll of immolation


   Skills:
 * Level 4.2 Fighting
 * Level 4.1(4.5) Axes
 * Level 1.5(3.1) Maces & Flails
 * Level 2.0(3.4) Polearms
 * Level 0.9(1.9) Staves
 + Level 1.1 Throwing
 * Level 3.0 Armour
 * Level 1.9 Dodging
 * Level 2.4 Stealth
 * Level 2.2 Shields
 * Level 0.9 Unarmed Combat
 * Level 3.3 Invocations


You had 6 spell levels left.
You didn't know any spells.
Your spell library contained the following spells:

 Spells                   Type           Power        Failure   Level
 Chain Lightning          Conj/Air       0%           100%        8
 Lehudib's Crystal Spear  Conj/Erth      0%           100%        8
 Absolute Zero            Ice            0%           100%        9
 Fire Storm               Conj/Fire      0%           100%        9


Dungeon Overview and Level Annotations

Branches:
Dungeon (4/15)
 Temple: D:4-7

Altars:
Hepliaklqana

Annotations:
D:4 Cykl0x's ghost, amateur MiFi


Innate Abilities, Weirdness & Mutations

You cannot be hasted, slowed, berserked, paralysed or teleported.
You can dig through walls and to a lower floor.
Your four strong arms can wield two-handed weapons with a shield.
You have a pair of large antennae on your head. (SInv)
You have sharp fingernails.
Armour fits poorly on your strangely shaped body.
You passively map a small area around you.


Message History

Aim: Cykl0x's ghost (almost destroyed)
You hit Cykl0x's ghost but do no damage.
Cykl0x's ghost is almost destroyed.
Cykl0x's ghost hits you.
* * * LOW HITPOINT WARNING * * *
Cykl0x's ghost misses you.
Hit: m) +2 flail (holy)
Press: ? - help, Dir - move target, f/p - Cykl0x's ghost
Aim: Cykl0x's ghost (almost destroyed)
You barely miss Cykl0x's ghost.
Cykl0x's ghost is almost destroyed.
Cykl0x's ghost hits you.
* * * LOW HITPOINT WARNING * * *
Hit: m) +2 flail (holy)
Press: ? - help, Dir - move target, f/p - Cykl0x's ghost
Aim: Cykl0x's ghost (almost destroyed)
Your ring mail prevents you from hitting Cykl0x's ghost.
Cykl0x's ghost is almost destroyed.
Cykl0x's ghost hits you!
You die...

*
..........#
*,
*#########.#
* #.# , *
##.## ,
##...# *
#..#.# ,
#..#######
#..#≈≈≈≈≈≈ *
#.@Ww≈≈≈(≈
#†.#≈≈≈≈≈≈ *
#.######## ,
.#######.# *
.........# ,
.######### ,
* ** ** * *
* , , * **
*,*


You could see a worm and Cykl0x's ghost.

Vanquished Creatures
  A scorpion (D:4)
  A jelly (D:3)
  2 howler monkeys (D:4)
  A hound (D:4)
  An orc priest (D:3)
  3 orc wizards
  2 iguanas (D:4)
  2 worker ants (D:4)
  2 adders
  An adder skeleton (D:2)
  A worm (D:2)
  2 dart slugs
  4 leopard geckos
  16 orcs
  A bat skeleton (D:2)
  5 giant cockroaches
  3 goblins
  10 hobgoblins
  10 jackals
  2 ball pythons
  4 bats
  6 frilled lizards
  8 kobolds
  2 quokka skeletons (D:2)
  A quokka zombie (D:2)
  8 rats
99 creatures vanquished.

Notes
Turn   | Place    | Note
-------+----------+-------------------------------------------
     0 | Abyss:1  | Mattiprrivan the Formicid Abyssal Knight began the quest
                  | for the Orb.
     0 | Abyss:1  | Reached XP level 1. HP: 18/18 MP: 2/2
     1 | Abyss:1  | Found a corrupted altar of Lugonu.
    27 | D:1      | Escaped the Abyss
   358 | D:1      | Reached XP level 2. HP: 24/24 MP: 3/3
   753 | D:1      | Reached skill level 1 in Dodging
   753 | D:1      | Reached XP level 3. HP: 28/30 MP: 4/4
  1370 | D:2      | Reached ** piety under Lugonu
  1478 | D:2      | Reached skill level 1 in Stealth
  1478 | D:2      | Reached XP level 4. HP: 37/37 MP: 5/5
  1539 | D:2      | Reached skill level 1 in Shields
  1732 | D:2      | Reached skill level 1 in Polearms
  1796 | D:3      | Reached XP level 5. HP: 42/42 MP: 5/7
  2197 | D:3      | Reached skill level 1 in Maces & Flails
  2197 | D:3      | Reached XP level 6. HP: 32/48 MP: 8/8
  2267 | D:3      | Gained mutation: You passively map a small area around you.
                  | [potion of mutation]
  2267 | D:3      | Gained mutation: Armour fits poorly on your strangely
                  | shaped body. [potion of mutation]
  2267 | D:3      | Gained mutation: You have sharp fingernails. [potion of
                  | mutation]
  2997 | D:4      | Reached skill level 1 in Throwing
  3054 | D:4      | Reached *** piety under Lugonu
  3137 | D:4      | Reached XP level 7. HP: 48/54 MP: 9/9
  3193 | D:4      | Found a hazy altar of Hepliaklqana.
  3296 | D:4      | Found a runed translucent door.
  3297 | D:4      | Noticed Cykl0x's ghost (amateur MiFi)
  3348 | D:4      | Slain by Cykl0x's ghost

Illustrated notes

Levels and vault maps discovered:
D:1:      dpeg_arrival_pond, layout_loops_cross
D:2:      layout_rooms, serial_undead, serial_undead_a, serial_undead_c,
          serial_undead_d, serial_undead_d, serial_undead_a, serial_park_tiny_1,
          roderic_serpentine_path, minmay_misc_feat_enclosed,
          kennysheep_generic_room_9
D:3:      layout_basic
D:4:      layout_loops_ring, lemuel_crystal_altar, ebering_ghost_sewer_f,
          uniq_eustachio

Skill      XL: |  1  2  3  4  5  6  7 |
---------------+----------------------+-----
Dodging        | 1 |  1.9
Stealth        | 1 2 |  2.4
Shields        | 1 2 |  2.2
Polearms       | 1 2 |  2.0
Fighting       | 4 |  4.2
Axes           | 3 4 |  4.1
Maces & Flails | 1 |  1.5
Invocations    | 3 |  3.3
Throwing       | 1 |  1.1
Armour         | 3 |  3.0
Staves         | |  0.9
Unarmed Combat | |  0.9

Action                   |  1- 3 |  4- 6 |  7- 9 || total
-------------------------+-------+-------+-------++-------
Melee: Hand axe          |   100 |   160 |    32 ||   292
       Flail             |       |       |    29 ||    29
Throw: Dart              |       |    28 |     4 ||    32
 Abil: Dig               |     1 |       |       ||     1
  Use: Potion            |     2 |     6 |       ||     8
       Scroll            |     9 |     2 |       ||    11
 Stab: Sleeping          |       |     1 |       ||     1
Armor: Leather armour    |     9 |       |       ||     9
       Ring mail         |    36 |    61 |    23 ||   120
Dodge: Dodged            |    79 |    80 |    39 ||   198
Block: Buckler           |     9 |    23 |    12 ||    44
